 Dungeon Crawl Stone Soup version 0.20.0-8-g6b59dc7 (webtiles) character file.

1099 Gravenous the Poker (level 8, -1/60 HPs)
             Began as a Vampire Skald on June 1, 2017.
             Slain by Duvessa
             ... wielding a +2 short sword of holy wrath
              (10 damage)
             ... on level 6 of the Dungeon.
             The game lasted 00:12:13 (6683 turns).

Gravenous the Poker (Vampire Skald)                 Turns: 6683, Time: 00:12:14

Health: -1/60      AC:  6    Str: 12    XL:     8   Next: 10%
Magic:  4/11       EV: 11    Int: 20    God:
Gold:   56         SH:  6    Dex: 14    Spells: 2/11 levels left

rFire    . . .     SeeInvis +   a - +0 spear
rCold    . . .     Gourm    .   s - +2 buckler
rNeg     + . .     Faith    +   b - +1 leather armour
rPois    +         Spirit   .   (no helmet)
rElec    .         Reflect  .   (no cloak)
rCorr    .         Harm     .   j - +0 pair of gloves
MR       .....                  t - +0 pair of boots
Stlth    ++........             m - amulet of faith
Regen    0.2/turn               e - ring of poison resistance
MPRegen  0.2/turn               q - ring of stealth

@: brilliant, flying, very slightly contaminated
A: fangs 3, see invisible, unbreathing
a: Bat Form


You were on level 6 of the Dungeon.
You were not thirsty.

You visited 1 branch of the dungeon, and saw 6 of its levels.

You collected 270 gold pieces.
You spent 214 gold pieces at shops.

Inventory:

Hand Weapons
 a - a +0 spear (weapon)
Armour
 b - a +1 leather armour (worn)
 g - a +0 ring mail
 j - a +0 pair of gloves (worn)
 s - a +2 buckler (worn)
 t - a +0 pair of boots (worn)
Jewellery
 e - a ring of poison resistance (left hand)
 m - an amulet of faith (around neck)
 q - a ring of stealth (right hand)
Scrolls
 h - 2 scrolls of teleportation
 k - 2 scrolls of remove curse
 p - 3 scrolls of immolation
Potions
 d - 9 potions of blood
 f - 2 potions of curing
 i - 2 potions of agility {unknown}
 l - a potion of flight
 n - a potion of brilliance
 r - a potion of magic {unknown}
 u - a potion of haste {unknown}
Books
 c - a book of Battle

   Spells                             Type                      Level
   a - Infusion                       Charms                       1
   b - Shroud of Golubria             Charms/Translocation         2
   c - Song of Slaying                Charms                       2
   d - Spectral Weapon                Hexes/Charms                 3
   e - Regeneration                   Charms/Necromancy            3


   Skills:
 + Level 4.1 Fighting
 * Level 6.2 Polearms
 - Level 0.7 Armour
 - Level 2.1 Dodging
 * Level 1.5 Shields
 - Level 2.0 Spellcasting
 * Level 3.6 Hexes
 - Level 5.7 Charms


You had 2 spell levels left.
You knew the following spells:

 Your Spells              Type           Power        Failure   Level  Hunger
a - Infusion              Chrm           ####         1%          1    #......
b - Shroud of Golubria    Chrm/Tloc      ####......   1%          2    ##.....
c - Regeneration          Chrm/Necr      ####......   3%          3    ###....
d - Spectral Weapon       Hex/Chrm       ####....     1%          3    ###....


Dungeon Overview and Level Annotations

Branches:
Dungeon (6/15)
 Temple: D:4-7

Altars:
Fedhas
Makhleb
Okawaru
Qazlal
Sif Muna

Shops:
D:5 *

Annotations:
D:6 Dowan, Duvessa


Innate Abilities, Weirdness & Mutations

You have razor-sharp teeth.
You have supernaturally acute eyesight. (SInv)
You can survive without breathing.


Message History

You are too injured to fight recklessly!
You are too injured to fight recklessly!
Your shield and leather armour prevent you from hitting Duvessa.
Duvessa is moderately wounded.
Your spectral weapon hits Duvessa!
Duvessa hits you with a short sword of holy wrath!
* * * LOW HITPOINT WARNING * * *
You convulse!
* * * LOW HITPOINT WARNING * * *
It was a potion of flight.
You feel very buoyant.
You fly up into the air.
Duvessa completely misses you.
It was a potion of brilliance.
You feel clever all of a sudden. Duvessa closely misses you.
It was a potion of curing.
You feel better.
Duvessa hits you with a short sword of holy wrath!
* * * LOW HITPOINT WARNING * * *
You convulse!
You die...

... #####+####+###...
..........(......
.................
.................
........(........
.......@ee....... ####
#########..###...
#####..###.....###..###...
..#......................ยง
..'.......................
..#.......................
..#.......................
..##.#..#.##....##...##...
############....##...# ...


You could see Duvessa, Dowan and a friendly spectral spear.

Vanquished Creatures
  An ice beast (D:5)
  A phantom (D:5)
  2 ogres
  A bullfrog (D:6)
  A scorpion (D:4)
  A crimson imp (D:5)
  A centaur zombie (D:6)
  A bullfrog zombie (D:5)
  2 hounds (D:4)
  A bullfrog skeleton (D:5)
  A gnoll shaman (D:5)
  2 iguanas
  2 worker ants
  14 adders
  6 gnolls
  A shadow imp (D:5)
  2 adder skeletons (D:5)
  An adder zombie (D:5)
  4 worms
  3 dart slugs
  4 leopard geckos
  4 orcs
  2 ball pythons
  6 bats
  6 giant cockroaches
  10 goblins
  9 hobgoblins
  15 jackals
  5 quokkas
  4 frilled lizards
  5 kobolds
  A quokka skeleton (D:4)
  6 rats
125 creatures vanquished.

Notes
Turn   | Place    | Note
-------+----------+-------------------------------------------
     0 | D:1      | Gravenous the Vampire Skald began the quest for the Orb.
     0 | D:1      | Reached XP level 1. HP: 16/16 MP: 3/3
    31 | D:1      | Reached skill level 2 in Polearms
    53 | D:1      | Reached XP level 2. HP: 17/22 MP: 0/5
   103 | D:1      | Learned a level 2 spell: Shroud of Golubria
   742 | D:1      | Reached XP level 3. HP: 27/27 MP: 6/6
   837 | D:1      | Learned a level 3 spell: Regeneration
  1124 | D:2      | Reached skill level 3 in Polearms
  1183 | D:2      | Reached XP level 4. HP: 34/34 MP: 7/7
  2453 | D:2      | Found a deep blue altar of Sif Muna.
  2729 | D:3      | Reached XP level 5. HP: 39/39 MP: 1/8
  2949 | D:3      | Found an iron altar of Okawaru.
  2949 | D:3      | Found a stormy altar of Qazlal.
  2962 | D:3      | Reached skill level 4 in Polearms
  3861 | D:4      | Reached XP level 6. HP: 47/47 MP: 2/9
  3988 | D:4      | Found a burning altar of Makhleb.
  4032 | D:4      | Learned a level 3 spell: Spectral Weapon
  4696 | D:4      | Reached skill level 5 in Charms
  4755 | D:5      | Entered Level 5 of the Dungeon
  4775 | D:5      | Reached skill level 5 in Polearms
  4836 | D:5      | Found a blossoming altar of Fedhas.
  4848 | D:5      | Noticed an ice beast
  5316 | D:5      | Reached XP level 7. HP: 36/52 MP: 5/10
  5872 | D:5      | Reached skill level 1 in Hexes
  5881 | D:5      | Found Votie's General Store.
  5889 | D:5      | Bought a +2 buckler for 214 gold pieces
  6271 | D:6      | Reached skill level 6 in Polearms
  6279 | D:6      | Reached skill level 1 in Shields
  6279 | D:6      | Reached XP level 8. HP: 60/60 MP: 0/11
  6664 | D:6      | Noticed Duvessa
  6664 | D:6      | Noticed Dowan
  6683 | D:6      | Slain by Duvessa

Skill      XL: |  1  2  3  4  5  6  7 |
---------------+----------------------+-----
Polearms       | 2 3 4 5 6 |  6.2
Fighting       | 2 3 4 |  4.1
Charms         | 4 5 |  5.7
Hexes          | 3 |  3.6
Shields        | 1 |  1.5
Armour         | |  0.7
Dodging        | |  2.1
Spellcasting   | |  2.0

Action                   |  1- 3 |  4- 6 |  7- 9 || total
-------------------------+-------+-------+-------++-------
Melee: Spear             |   122 |   339 |   148 ||   609
       Bite              |     8 |    28 |    10 ||    46
 Cast: Infusion          |     5 |    19 |     9 ||    33
       Shroud of Golubri |     5 |    14 |    11 ||    30
       Regeneration      |       |     1 |       ||     1
       Spectral Weapon   |       |       |     2 ||     2
  Use: Potion            |     2 |    11 |     5 ||    18
       Scroll            |       |     7 |     1 ||     8
 Stab: Sleeping          |       |     4 |     2 ||     6
       Distracted        |       |       |     1 ||     1
  Eat: Corpse            |       |     1 |     3 ||     4
Armor: Leather armour    |    15 |    76 |    18 ||   109
Dodge: Dodged            |    60 |   201 |    43 ||   304
Block: Buckler           |       |       |    13 ||    13
